AoeStats
← Shredded_Pork

Black Forest

506322483Analyzed
4v4 RM · 19d ago on Sep 13, 2026· 46m 22s· 8 players
Game mode
Random Map
Map size
Large (8 player)
Population
200
Speed
Normal
Resources
Standard
Victory
Conquest
Starting age
Dark Age
Ending age
Imperial Age
RankedLock teamsTeams togetherTeam positionsShared explorationLock speedFull tech treeHidden civsTurbo modeCheats
Victory
Defeat
🇹🇼 Poles · Taiwan
810
+16
🇳🇿 Britons · New Zealand
782
+17
🇨🇳 Bengalis · China
761
+18
🇹🇷 Portuguese · Türkiye
745
+18
🇦🇺 Mongols · Australia
856
-20
🇦🇺 Goths · Australia
814
-18
777
-16
🇨🇱 Romans · Chile
756
-15
continentalchicken
4:17 Loom
11:44 Feudal Age
13:03 Double-Bit Axe
17:08 Castle Age
19:03 Wheelbarrow
21:19 Horse Collar
24:07 Fletching
27:11 Gold Mining
27:54 Stone Mining
30:58 Imperial Age
29:57 Hand Cart
29:33 Town Watch
30:30 Yeomen
30:36 Yeomen
30:15 Bodkin Arrow
30:20 Padded Archer Armor
31:27 Ballistics
31:38 Leather Archer Armor
31:56 Elite Longbowman
33:45 Chemistry
32:49 Heavy Plow
34:07 Hoardings
33:56 Conscription
39:01 Warwolf
39:20 Bracer
39:51 Ring Archer Armor
40:14 Warwolf
42:09 Arrowslits
fish940428
11:08 Feudal Age
11:38 Double-Bit Axe
22:09 Castle Age
20:00 Horse Collar
21:42 Gold Mining
21:43 Stone Mining
23:02 Bow Saw
23:56 Wheelbarrow
26:54 Heavy Plow
29:49 Ballistics
32:46 Imperial Age
31:17 Hand Cart
32:16 Caravan
33:39 Stone Shaft Mining
34:48 Chemistry
35:31 Two-Man Saw
35:55 Elite Organ Gun
yuuuu
15:17 Feudal Age
16:46 Double-Bit Axe
16:44 Horse Collar
16:56 Stone Mining
18:55 Wheelbarrow
22:50 Castle Age
23:00 Gold Mining
24:49 Stone Shaft Mining
24:17 Heavy Plow
24:30 Bow Saw
25:24 Hand Cart
33:08 Imperial Age
32:04 Caravan
32:34 Coinage
33:26 Forging
33:21 Scale Barding Armor
34:01 Husbandry
34:12 Bloodlines
33:22 Light Cavalry
34:41 Iron Casting
34:36 Lechitic Legacy
34:37 Conscription
35:12 Crop Rotation
36:03 Chain Barding Armor
36:44 Blast Furnace
37:05 Winged Hussar
Shredded_Pork
10:11 Feudal Age
12:44 Double-Bit Axe
14:19 Horse Collar
19:40 Castle Age
19:26 Stone Mining
20:48 Heavy Plow
21:02 Bow Saw
21:53 Gold Mining
30:41 Imperial Age
28:48 Caravan
29:35 Wheelbarrow
31:19 Hand Cart
32:11 Conscription
32:55 Forging
32:50 Scale Barding Armor
32:47 Padded Archer Armor
32:37 Fletching
32:12 Elite Elephant Archer
34:06 Ballistics
34:46 Chemistry
34:27 Iron Casting
38:08 Blast Furnace
37:29 Chain Barding Armor
37:05 Bodkin Arrow
37:17 Husbandry
37:28 Bloodlines
39:12 Two-Man Saw
38:44 Crop Rotation
38:53 Gold Shaft Mining
39:55 Plate Barding Armor
41:25 Bracer
41:40 Leather Archer Armor
44:32 Ring Archer Armor
44:28 Mahayana
44:16 Paiks
LRNI_TUNAK TUNAK OLAF ROJO
4:21 Loom
11:21 Feudal Age
13:17 Wheelbarrow
16:50 Double-Bit Axe
20:50 Castle Age
19:57 Fletching
20:16 Padded Archer Armor
21:49 Hand Cart
21:53 Bodkin Arrow
23:13 Bow Saw
23:09 Horse Collar
23:25 Gold Mining
26:06 Crossbowman
27:46 Gold Shaft Mining
28:29 Stone Mining
31:12 Leather Archer Armor
35:59 Yeomen
38:15 Forging
41:13 Pikeman
49:11 Imperial Age
Moist-bunny2
2:31 Loom
11:23 Feudal Age
11:58 Double-Bit Axe
11:54 Horse Collar
17:18 Castle Age
15:38 Gold Mining
17:41 Wheelbarrow
19:22 Wheelbarrow
19:20 Bow Saw
19:13 Heavy Plow
20:32 Stone Mining
28:42 Hand Cart
31:58 Imperial Age
29:18 Town Watch
30:00 Scale Mail Armor
30:10 Forging
31:07 Squires
31:26 Chain Mail Armor
31:10 Murder Holes
31:25 Masonry
31:38 Ballistics
31:26 Anarchy
31:36 Town Patrol
33:04 Conscription
32:48 Perfusion
33:30 Iron Casting
34:26 Elite Huskarl
41:55 Pikeman
43:51 Blast Furnace
43:26 Halberdier
chase_tips0n
0:27 Loom
11:40 Feudal Age
17:14 Castle Age
17:08 Double-Bit Axe
20:20 Wheelbarrow
25:49 Bow Saw
28:19 Gold Mining
32:19 Imperial Age
30:29 Gold Shaft Mining
31:29 Padded Archer Armor
31:20 Fletching
32:31 Onager
34:30 Leather Archer Armor
34:12 Bodkin Arrow
34:48 Elite Mangudai
35:26 Elite Skirmisher
38:32 Bracer
39:19 Conscription
41:57 Parthian Tactics
40:53 Heavy Cavalry Archer
Butch
0:48 Loom
14:14 Feudal Age
15:09 Horse Collar
15:18 Double-Bit Axe
25:17 Castle Age
24:01 Gold Mining
24:03 Stone Mining
24:49 Man-at-Arms
26:35 Wheelbarrow
27:00 Bow Saw
26:53 Heavy Plow
26:17 Long Swordsman
27:57 Gold Shaft Mining
28:20 Hand Cart
35:00 Ballistas
38:18 Imperial Age
36:16 Forging
36:06 Scale Mail Armor
38:32 Ballistics
Connection lost

Rejoining the realm…

Still unreachable

The connection could not be restored.

Session expired

The server has moved on; the page needs a fresh start.